 Dungeon Crawl Stone Soup version 0.30-a0-857-gcaf70739d4 (webtiles) character file.

Game seed: 2270244239115395334

1065 jimonade the Magician (level 8, 0/54 HPs)
             Began as a Djinni Warper on Mar 5, 2023.
             Slain by an iguana (12 damage)
             ... on level 5 of the Dungeon.
             The game lasted 00:11:59 (4802 turns).

jimonade the Magician (Djinni Warper)               Turns: 4802, Time: 00:12:00

Health: 0/54       AC:  6    Str: 12    XL:     8   Next: 52%
Gold:   206        EV: 12    Int: 15    God:
                   SH:  0    Dex: 13

rFire   + + .      SeeInvis +    a - +2 dagger (venom)
rCold   x . .      Faith    .    (no shield)
rNeg    + . .      Spirit   .    F - +0 leather armour
rPois   ∞          Reflect  .    i - +0 helmet
rElec   .          Rampage  .    g - +0 cloak
rCorr   .                        C - +0 pair of gloves
Will    .....                    (boots unavailable)
Stlth   +                        s - amulet of regeneration
HPRegen 1.09/turn                w - ring of positive energy
MPRegen 0.00/turn                I - ring of see invisible

@: flying
A: sickness immunity, fire resistance 2, cold vulnerability 1, float, innate
caster, HP casting, extra vitality 1
a: no special abilities


You were on level 5 of the Dungeon.
You visited 1 branch of the dungeon, and saw 6 of its levels.

You collected 206 gold pieces.

Inventory:

Hand Weapons
 a - a +2 dagger of venom (weapon)
 b - a +3 short sword
 e - a +0 spear
 o - a +0 whip
 u - a +0 mace
 y - a +0 short sword
Missiles
 d - 7 boomerangs of dispersal
 h - 3 throwing nets
 n - 64 stones
 B - 2 silver javelins
 D - a boomerang
 G - 5 poisoned darts
 H - a curare-tipped dart
Armour
 g - a +0 cloak (worn)
 i - a +0 helmet (worn)
 r - a +0 kite shield
 t - a +0 ring mail
 C - a +0 pair of gloves (worn)
 F - a +0 leather armour (worn)
Jewellery
 s - an amulet of regeneration (around neck)
 w - a ring of positive energy (left hand)
 I - a ring of see invisible (right hand)
Scrolls
 c - a scroll of blinking
 f - 2 scrolls of vulnerability {unknown}
 j - 5 scrolls of noise {unknown}
 k - 3 scrolls of fog {unknown}
 l - 3 scrolls of silence {unknown}
 m - a scroll of enchant weapon {unknown}
 q - 6 scrolls of identify {unknown}
 v - a scroll of magic mapping {unknown}
 x - a scroll of summoning {unknown}
 z - a scroll of enchant armour {unknown}
 E - 3 scrolls of teleportation {unknown}
 J - a scroll of fear {unknown}
 M - a scroll of amnesia {unknown}
Potions
 p - 3 potions of lignification {unknown}
 A - 3 potions of degeneration {unknown}
 K - 2 potions of brilliance {unknown}
 L - a potion of invisibility
 N - a potion of mutation {unknown}


   Skills:
 - Level 2.0 Fighting
 - Level 2.0 Short Blades
 - Level 0.7 Throwing
 - Level 1.0 Armour
 - Level 2.1 Dodging
 + Level 7.6 Spellcasting


You knew the following spells:

 Your Spells              Type           Power      Damage    Failure   Level
a - Blink                 Tloc           56%        N/A       1%          2
b - Lesser Beckoning      Tloc           56%        N/A       1%          2
c - Vhi's Electric Charg  Tloc/Air       56%        N/A       1%          3
d - Teleport Other        Tloc           28%        N/A       1%          3
e - Manifold Assault      Tloc           28%        N/A       7%          4
f - Magic Dart            Conj           100%       1d8       1%          1
g - Ensorcelled Hibernat  Hex/Ice        56%        N/A       1%          2
h - Vampiric Draining     Necr           28%        2d8       1%          3
Your spell library was empty.

Dungeon Overview and Level Annotations

Branches:
Dungeon (6/15)
 Temple: D:4-7

Altars:
Ashenzari
Makhleb

Annotations:
D:3 1 runed translucent door, BubbleThief's ghost, amateur DsCA


Innate Abilities, Weirdness & Mutations

You are immune to sickness and miasma.
You are immune to poison.
Your flesh is very heat resistant. (rF++)
You are vulnerable to cold. (rC-)
You float through the air rather than walking.
You learn spells naturally, not from books.
Your magical power is your life essence.
You have superior vitality. (+4 MHP)


Message History

You fly upwards.
There is a stone staircase leading down here.
Casting: Manifold Assault (dangerous; 7% risk of failure)
Confirm with . or Enter, or press ? or * to list all spells.
You blink.
Casting: Blink (safe; 1% risk of failure)
Confirm with . or Enter, or press ? or * to list all spells.
Okay, then.
You hit the iguana but do no damage.
The iguana is poisoned.
The iguana barely misses you.
You hit the iguana but do no damage.
The iguana looks even sicker.
You closely miss the iguana.
The iguana is lightly wounded.
You feel stable enough to blink again. The iguana bites you.
You barely miss the iguana.
The iguana is lightly wounded.
The iguana misses you.
Casting: Blink (safe; 1% risk of failure)
Confirm with . or Enter, or press ? or * to list all spells.
Space momentarily warps into an impossible shape!
You barely miss the orc warrior. You hit the iguana.
The iguana looks as sick as possible!
The iguana misses you.
Casting: Manifold Assault (dangerous; 7% risk of failure)
Confirm with . or Enter, or press ? or * to list all spells.
Space momentarily warps into an impossible shape!
You hit the orc warrior but do no damage.
The orc warrior looks even sicker.
You hit the iguana.
The iguana looks as sick as possible!
You hit the orc.
The orc is poisoned.
The iguana bites you.
* * * LOW HITPOINT WARNING * * *
Casting: Manifold Assault (dangerous; 7% risk of failure)
Confirm with . or Enter, or press ? or * to list all spells.
Space momentarily warps into an impossible shape!
You closely miss the orc warrior. You hit the orc.
You kill the orc!
You hit the iguana but do no damage.
The iguana looks as sick as possible!
* * * LOW HITPOINT WARNING * * *
The iguana bites you!
You die...

.......###.#### #.#
#.# .......#
#....#####.# #.#
.......###..........#
#.#
...........##o#######
#.# ##########.##.#
#.# # #.##o# #.# #
#.##.# #.# #
#.##.###### #.# #
#.##)ol@..# #.# #
#.#######.# #.# # #.#
#.# #.# # #.#
#.###########.#
##########.#
#.....[)......#
...........#
###############
############


You could see an orc warrior (very poisoned) and an iguana (extremely poisoned).

Vanquished Creatures
  2 yaks (D:5)
  2 black bears (D:4)
  2 ogres
  A kobold brigand (D:4)
  4 hounds
  An orc priest (D:5)
  An iguana (D:5)
  An orc wizard (D:5)
  3 gnolls (D:3)
  3 adders (D:3)
  A white imp (D:5)
  3 dart slugs
  11 orcs
  5 ball pythons
  6 endoplasms
  2 giant cockroaches
  7 goblins
  6 hobgoblins
  3 jackals (D:4)
  22 kobolds
  A quokka (D:1)
  6 bats
  3 frilled lizards (D:1)
  2 rats
98 creatures vanquished.

Vanquished Creatures (others)
  35 plants
35 creatures vanquished.

Grand Total: 133 creatures vanquished

Notes
Turn   | Place    | Note
-------+----------+-------------------------------------------
     0 | D:1      | jimonade the Djinni Warper began the quest for the Orb.
     0 | D:1      | jimonade set off with the following spells memorised:
                  | Blink, Lesser Beckoning, Vhi's Electric Charge, Teleport
                  | Other, Manifold Assault.
     0 | D:1      | Reached XP level 1. HP: 18/18 MP: 0/0
   178 | D:1      | Reached XP level 2. HP: 23/23 MP: 0/0
   312 | D:1      | Reached skill level 3 in Spellcasting
   370 | D:1      | Reached XP level 3. HP: 28/28 MP: 0/0
   370 | D:1      | Learned a level 1 spell: Magic Dart
  1487 | D:2      | Found a broken altar of Ashenzari.
  1702 | D:3      | Identified the +0 pair of boots of the Barber Surgeon
                  | {rElec rF+++ rN+ Int-5}
  1724 | D:3      | Reached XP level 4. HP: 32/33 MP: 0/0
  1749 | D:3      | Noticed BubbleThief's ghost (amateur DsCA)
  1752 | D:3      | Found a runed translucent door.
  1859 | D:3      | Reached skill level 4 in Spellcasting
  2233 | D:3      | Reached XP level 5. HP: 38/38 MP: 0/0
  2233 | D:3      | Learned a level 2 spell: Ensorcelled Hibernation
  2302 | D:3      | Found a burning altar of Makhleb.
  2531 | D:4      | Noticed a kobold brigand
  2549 | D:4      | Killed a kobold brigand
  2550 | D:4      | Reached XP level 6. HP: 33/43 MP: 0/0
  2741 | D:4      | Noticed a black bear
  2755 | D:4      | Killed a black bear
  2756 | D:4      | Reached skill level 5 in Spellcasting
  2886 | D:4      | Identified the +9 hand axe "Ubutz" {flame, Int+2}
  3303 | D:5      | Entered Level 5 of the Dungeon
  3396 | D:5      | Noticed a yak
  3396 | D:5      | Noticed a yak
  3396 | D:5      | Noticed a yak
  3397 | D:5      | Noticed an ogre
  3472 | D:4      | Killed an ogre
  3473 | D:4      | Reached XP level 7. HP: 49/49 MP: 0/0
  3473 | D:4      | Learned a level 3 spell: Vampiric Draining
  3710 | D:5      | Reached skill level 6 in Spellcasting
  4136 | D:5      | Killed a yak
  4137 | D:5      | Reached skill level 7 in Spellcasting
  4137 | D:5      | Reached XP level 8. HP: 34/54 MP: 0/0
  4305 | D:5      | Noticed a yak
  4305 | D:5      | Noticed a yak
  4519 | D:5      | Killed a yak
  4802 | D:5      | Slain by an iguana

Illustrated notes

Levels and vault maps discovered:
D:1:      lightli_molten_gateway, layout_basic
D:2:      cheibrodos_old_hovel, layout_loops_ring, basic_altar
D:3:      layout_loops_ring, bloody_makhleb, hellmonk_ghost_happy_afterlife,
          due_unseen_surprise
D:4:      kennysheep_kobold_camp, layout_rooms, dk_noncrumbling_4
D:5:      layout_loops_ring
D:6:      layout_basic

Skill      XL: |  1  2  3  4  5  6  7 |
---------------+----------------------+-----
Spellcasting   | 3 4 5 7 |  7.6
Short Blades   | 2 |  2.0
Fighting       | |  2.0
Throwing       | |  0.7
Armour         | |  1.0
Dodging        | |  2.1

Action                     |  1- 3 |  4- 6 |  7- 9 || total
---------------------------+-------+-------+-------++-------
  Melee: Spear             |   109 |       |       ||   109
         Punch             |     1 |     6 |     1 ||     8
         Dagger            |       |   132 |    81 ||   213
         Short sword       |       |    15 |       ||    15
  Throw: Throwing net      |       |     1 |       ||     1
   Cast: Magic Dart        |    11 |    61 |    25 ||    97
         Vhi's Electric Ch |       |     5 |     5 ||    10
         Ensorcelled Hiber |       |     3 |     8 ||    11
         Blink             |       |     3 |     6 ||     9
         Vampiric Draining |       |       |     4 ||     4
         Manifold Assault  |       |       |     7 ||     7
   Stab: Held in net/web   |       |     1 |       ||     1
 Armour: Leather armour    |    38 |    28 |    19 ||    85
  Dodge: Dodged            |    50 |    68 |    37 ||   155

Table legend: (Time is in decaauts)
 A = Elapsed time spent in this place.
 B = Non-inter-level travel time spent in this place.
 C = Inter-level travel time spent in this place.
 D = Time resting spent in this place.
 E = Time spent auto-exploring this place.
 F = Levels seen in this place.
 G = Mean time per level.
                   A        B        C        D        E       F      G
               +--------+--------+--------+--------+--------+-----+--------+
         Total |   4789 |   4548 |    241 |    186 |   2922 |   6 |  798.2 |
       Dungeon |   4789 |   4548 |    241 |    186 |   2922 |   6 |  798.2 |
               +--------+--------+--------+--------+--------+-----+--------+

Top non-repeatable levels by time:
     D:5: 1364 daAuts
     D:1: 1004 daAuts
     D:4: 962 daAuts
     D:3: 813 daAuts
     D:2: 636 daAuts
     D:6: 7 daAuts
